 Dungeon Crawl Stone Soup version 0.30-a0-782-ge64f9170bb (webtiles) character file.

Game seed: 4735019478109832990

1824 pokeman the Thaumaturge (level 8, -6/44 HPs)
             Began as a Deep Elf Hedge Wizard on Feb 19, 2023.
             Was a Follower of Vehumet.
             Killed by divine providence
             ... invoked by an orc priest
              (11 damage)
             ... on level 6 of the Dungeon.
             The game lasted 00:14:22 (6234 turns).

pokeman the Thaumaturge (Deep Elf Hedge Wizard)     Turns: 6234, Time: 00:14:23

Health: -6/44      AC:  4    Str:  7    XL:     8   Next: 86%
Magic:  16/33      EV: 13    Int: 22    God:    Vehumet [*.....]
Gold:   362        SH:  0    Dex: 14    Spells: 17/28 levels left

rFire   . . .      SeeInvis .    G - +2 flail (venom)
rCold   . . .      Faith    .    (no shield)
rNeg    + . .      Spirit   .    b - +0 robe
rPois   +          Reflect  .    c - +0 hat
rElec   .          Harm     .    (no cloak)
rCorr   .          Rampage  .    (no gloves)
Will    .....                    v - +1 pair of boots
Stlth   ++                       k - amulet of the acrobat
HPRegen 0.27/turn                x - ring of wizardry
MPRegen 0.23/turn                p - ring of Waumow {rPois rN+ MP+9}

@: no status effects
A: no striking features
a: Renounce Religion


You were on level 6 of the Dungeon.
You worshipped Vehumet.
Vehumet was aware of your devotion.
You visited 2 branches of the dungeon, and saw 7 of its levels.
You also visited: Sewer.

You collected 362 gold pieces.

Inventory:

Hand Weapons
 G - a +2 flail of venom (weapon)
Armour
 b - a +0 robe (worn)
 c - a +0 hat (worn)
 v - a +1 pair of boots (worn)
Magical Staves
 y - a staff of poison
 E - a staff of conjuration
Jewellery
 k - an amulet of the acrobat (around neck)
 o - a ring of poison resistance
 p - the ring of Waumow (right hand) {rPois rN+ MP+9}
   (You found it on level 2 of the Dungeon)

   [ring of poison resistance]

   rPois:     It protects you from poison.
   rN:        It protects you from negative energy.
   MP:        It affects your magic capacity (+9).
 u - a ring of magical power
 w - a ring of protection from fire
 x - a ring of wizardry (left hand)
Scrolls
 a - a scroll of silence {unknown}
 e - 5 scrolls of enchant armour {unknown}
 g - 6 scrolls of identify {unknown}
 h - 5 scrolls of poison {unknown}
 i - 4 scrolls of teleportation {unknown}
 l - 3 scrolls of fear {unknown}
 m - a scroll of fog {unknown}
 q - 2 scrolls of blinking {unknown}
 r - a scroll of vulnerability {unknown}
 s - a scroll of enchant weapon {unknown}
 D - a scroll of magic mapping {unknown}
Potions
 d - 2 potions of magic
 f - 2 potions of curing {unknown}
 j - a potion of lignification {unknown}
 n - a potion of berserk rage {unknown}
 t - 2 potions of heal wounds {unknown}
 z - a potion of ambrosia {unknown}
 A - 2 potions of haste
 B - a potion of might {unknown}
 C - a potion of degeneration {unknown}
 F - a potion of attraction {unknown}


   Skills:
 + Level 2.2 Fighting
 - Level 3.0 Armour
 - Level 3.0 Dodging
 - Level 3.0 Stealth
 * Level 10.5 Spellcasting
 + Level 5.5 Conjurations
 + Level 4.5 Summonings
 - Level 1.1 Translocations
 - Level 1.0 Ice Magic
 - Level 1.0 Air Magic
 - Level 1.0 Poison Magic
 - Level 1.2 Evocations


You had 17 spell levels left.
You knew the following spells:

 Your Spells              Type           Power      Damage    Failure   Level
a - Magic Dart            Conj           100%       1d8       1%          1
b - Mephitic Cloud        Conj/Pois/Air  22%        N/A       2%          3
c - Call Imp              Summ           31%        N/A       1%          2
d - Blink                 Tloc           32%        N/A       2%          2
e - Hailstorm             Conj/Ice       25%        3d7       1%          3

Your spell library contained the following spells:

 Spells                   Type           Power      Damage    Failure   Level
 Kiss of Death            Conj/Necr      92%        2d12      1%          1
 Freeze                   Ice            64%        1d7       1%          1
 Slow                     Hex            44%        N/A       2%          1
 Cigotuvi's Dreadful Rot  Necr/Pois/Air  28%        N/A       2%          2
 Frozen Ramparts          Ice            32%        1d5       4%          3
 Malign Gateway           Summ/Tloc      12%        N/A       99%         7
 Summon Horrible Things   Summ           15%        N/A       100%        8


Dungeon Overview and Level Annotations

Branches:
Dungeon (6/15)             Temple (1/1) D:4           Sewer (visited)

Altars:
Elyvilon
Fedhas
Hepliaklqana
Okawaru
Trog
Uskayaw
Vehumet


Message History

Confirm with . or Enter, or press ? or * to list all spells.
Casting: Hailstorm (safe; 1% risk of failure)
Press: ? - help, Dir - look around, f - activate A cannonade of hail descends around you!
The hail misses the adder.
The hail pelts the wight.
The wight partially resists.
The wight is moderately damaged.
The hail pelts the wight.
The wight partially resists.
The wight is moderately damaged.
The hail pelts the wight.
The wight partially resists.
The wight is lightly damaged.
The adder is engulfed in noxious fumes.
The adder appears confused.
The adder bites you.
The orc priest calls down the wrath of Beogh upon you.
Beogh smites you!
* * * LOW HITPOINT WARNING * * *
The adder is engulfed in noxious fumes.
The adder appears confused.
The adder barely misses you.
Unknown command.
Unknown command.
Casting: Hailstorm (safe; 1% risk of failure)
Confirm with . or Enter, or press ? or * to list all spells.
Casting: Hailstorm (safe; 1% risk of failure)
Press: ? - help, Dir - look around, f - activate A cannonade of hail descends around you!
The hail pelts the wight.
The wight partially resists.
The wight is heavily damaged.
The hail pelts the adder!
You kill the adder!
Vehumet accepts your kill.
You feel your power returning.
The hail pelts the wight.
The wight partially resists.
The wight is moderately damaged.
The hail misses the wight.
The hail pelts the two-headed ogre!!
The two-headed ogre is moderately wounded.
The adder is engulfed in noxious fumes.
The adder appears confused.
The adder barely misses you.
The orc priest mumbles some strange prayers to Beogh against you.
Beogh smites you!
You die...

.. ## ###
..####.###.## .
...#....##.z#### ...
...........†S#.#.....
........###z#@.......
......O..{zz.........
...Oo.o...O#...#.....
...........##.## ....
.....{...#O##.. ...
.....#...#.##... ..
#....##/.#...##.. .
..... #..#... ...
#[.. ##.. ..


You could see a two-headed ogre, an ogre (confused), 3 wights, an orc priest and
an adder (confused).

Vanquished Creatures
  Prince Ribbit (D:5)
  Eustachio (D:5)
  2 water moccasins
  An ice beast (D:5)
  A black bear (D:5)
  2 phantoms (D:4)
  3 necrophages
  2 scorpions (D:5)
  A hound (D:5)
  An orc priest (D:5)
  2 gnoll boudas (D:5)
  Jessica (D:3)
  6 iguanas
  3 orc wizards
  12 gnolls (D:5)
  4 adders
  3 worms
  3 dart slugs
  8 orcs
  7 ball pythons
  4 endoplasms
  4 giant cockroaches
  5 goblins
  8 hobgoblins
  17 jackals
  11 kobolds
  7 quokkas
  14 bats
  2 frilled lizards (D:1)
  3 rats
139 creatures vanquished.

Vanquished Creatures (collateral kills)
  A gnoll (D:5)
  An endoplasm (D:2)
2 creatures vanquished.

Vanquished Creatures (others)
  13 plants (D:1)
13 creatures vanquished.

Grand Total: 154 creatures vanquished

Notes
Turn   | Place    | Note
-------+----------+-------------------------------------------
     0 | D:1      | pokeman the Deep Elf Hedge Wizard began the quest for the
                  | Orb.
     0 | D:1      | Reached XP level 1. HP: 10/10 MP: 7/7
   436 | D:1      | Reached XP level 2. HP: 14/16 MP: 6/9
   635 | D:1      | Reached skill level 5 in Spellcasting
   773 | D:1      | Reached XP level 3. HP: 20/20 MP: 4/11
   860 | D:1      | You fall into a shaft and drop 1 floor!
   865 | D:2      | Learned a level 3 spell: Mephitic Cloud
   868 | D:2      | Learned a level 2 spell: Call Imp
   871 | D:2      | Learned a level 2 spell: Blink
  1404 | D:1      | Found a faded altar of an unknown god.
  1541 | D:2      | Reached skill level 1 in Fighting
  1564 | D:2      | Reached skill level 1 in Armour
  1952 | D:2      | Reached XP level 4. HP: 19/25 MP: 7/13
  2176 | D:2      | Identified the ring of Waumow {rPois rN+ MP+9}
  2512 | D:3      | Found a white marble altar of Elyvilon.
  2601 | D:3      | Noticed Jessica
  2605 | D:3      | Killed Jessica
  2781 | D:3      | Found a blossoming altar of Fedhas.
  2943 | D:3      | Reached skill level 6 in Spellcasting
  3441 | D:4      | Noticed a necrophage
  3456 | D:3      | Reached XP level 5. HP: 15/29 MP: 10/15
  3507 | D:4      | Reached skill level 1 in Poison Magic
  3520 | D:4      | Noticed a phantom
  3534 | D:4      | Reached skill level 1 in Air Magic
  3685 | D:4      | Reached skill level 1 in Evocations
  3685 | D:4      | Reached XP level 6. HP: 34/34 MP: 7/17
  3715 | D:4      | Found a staircase to the Ecumenical Temple.
  3724 | Temple   | Entered the Ecumenical Temple
  3731 | Temple   | Became a worshipper of Vehumet
  3800 | D:4      | Found a glowing drain.
  3809 | Sewer    | Entered a sewer
  3818 | Sewer    | Reached skill level 7 in Spellcasting
  3902 | Sewer    | Noticed a water moccasin
  3919 | Sewer    | Killed a water moccasin
  4265 | D:4      | Reached XP level 7. HP: 9/39 MP: 13/20
  4569 | D:5      | Entered Level 5 of the Dungeon
  4645 | D:4      | Learned a level 3 spell: Hailstorm
  4749 | D:5      | Reached skill level 8 in Spellcasting
  4806 | D:5      | Reached skill level 1 in Ice Magic
  4809 | D:5      | Reached * piety under Vehumet
  4809 | D:5      | Offered knowledge of Kiss of Death by Vehumet.
  5015 | D:5      | Reached skill level 9 in Spellcasting
  5015 | D:5      | Reached XP level 8. HP: 24/44 MP: 23/23
  5114 | D:5      | Noticed Prince Ribbit
  5125 | D:5      | Killed Prince Ribbit
  5168 | D:5      | Reached skill level 5 in Conjurations
  5213 | D:5      | Noticed Eustachio
  5227 | D:5      | Killed Eustachio
  5228 | D:5      | Reached skill level 10 in Spellcasting
  6214 | D:6      | Noticed a two-headed ogre
  6234 | D:6      | Killed from afar by an orc priest

Illustrated notes

Levels and vault maps discovered:
D:1:      onia_arrival_pyramid, layout_basic,
          shapermc_ecumenical_altar_mp_ritualfount,
          hangedman_abyss_or_decor_stabs, serial_bayou_crossing
D:2:      layout_basic
D:3:      layout_rooms, elyvilon_altar_3, overflow_temple_1_default,
          minmay_statues_item, uniq_jessica
D:4:      layout_rooms, minmay_temple_entry_overgrown,
          cheibrodos_sewer_entry_bend
D:5:      layout_basic, uniq_eustachio, uniq_prince_ribbit1
D:6:      layout_cave_pools
Temple:   nicolae_temple_bog_church

Skill      XL: |  1  2  3  4  5  6  7  8 |
---------------+-------------------------+-----
Spellcasting   | 5 6 7 9 10 | 10.5
Fighting       | 1 2 |  2.2
Armour         | 1 2 3 |  3.0
Conjurations   | 2 3 4 5 |  5.5
Stealth        | 3 |  3.0
Dodging        | 3 |  3.0
Poison Magic   | 1 |  1.0
Air Magic      | 1 |  1.0
Evocations     | 1 |  1.2
Summonings     | 2 3 4 |  4.5
Ice Magic      | 1 |  1.0
Translocations | |  1.1

Action                     |  1- 3 |  4- 6 |  7- 9 || total
---------------------------+-------+-------+-------++-------
  Melee: Dagger            |    59 |    31 |    69 ||   159
         Punch             |     1 |       |     3 ||     4
         Flail             |       |       |    27 ||    27
   Cast: Magic Dart        |   111 |   147 |    85 ||   343
         Call Imp          |     1 |     1 |     3 ||     5
         Blink             |       |    20 |     1 ||    21
         Mephitic Cloud    |       |     9 |    28 ||    37
         Hailstorm         |       |       |     4 ||     4
   Stab: Confused          |       |     3 |    20 ||    23
 Armour: Robe              |    12 |    15 |    14 ||    41
  Dodge: Dodged            |    62 |    51 |    95 ||   208

Table legend: (Time is in decaauts)
 A = Elapsed time spent in this place.
 B = Non-inter-level travel time spent in this place.
 C = Inter-level travel time spent in this place.
 D = Time resting spent in this place.
 E = Time spent auto-exploring this place.
 F = Levels seen in this place.
 G = Mean time per level.
                   A        B        C        D        E       F      G
               +--------+--------+--------+--------+--------+-----+--------+
         Total |   6258 |   6126 |    132 |    117 |   4627 |   8 |  782.2 |
       Dungeon |   5958 |   5826 |    132 |    117 |   4386 |   6 |  993.0 |
        Temple |     14 |     14 |      0 |      0 |      0 |   1 |   14.0 |
         Sewer |    284 |    284 |      0 |      0 |    241 |   1 |  284.0 |
               +--------+--------+--------+--------+--------+-----+--------+

Top non-repeatable levels by time:
     D:5: 1507 daAuts
     D:1: 1436 daAuts
     D:2: 1052 daAuts
     D:4: 990 daAuts
     D:3: 951 daAuts
   Sewer: 284 daAuts
     D:6: 21 daAuts
  Temple: 14 daAuts
